 Dungeon Crawl Stone Soup version 0.31-a0-1547-g618ab1f346 (webtiles) character file.

Game seed: 11203754818028476970

238860 RepoMan the Warrior (level 19, -8/172 HPs)
             Began as a Ghoul Necromancer on Jan 2, 2024.
             Was an Initiate of Yredelemnul.
             Mangled by Rupert
             ... wielding a +1 great mace of protection
              (12 damage)
             ... on level 2 of the Orcish Mines.
             The game lasted 05:04:09 (45248 turns).

RepoMan the Warrior (Ghoul Necromancer)            Turns: 45248, Time: 05:04:10

Health: -8/172     AC: 17    Str: 20      XL:     19   Next: 28%
Magic:  27/28      EV: 12    Int: 13 (14) God:    Yredelemnul [......]
Gold:   935        SH: 23    Dex:  9      Spells: 15/30 levels left

rFire   + . .        z - +1 demon trident (heavy)
rCold   + + .        m - +7 tower shield {AC+3}
rNeg    + + +        j - +3 leather armour {rF+}
rPois   ∞            (no helmet)
rElec   .            a - +1 cloak
rCorr   .            y - +0 pair of gloves
SInv    .            O - +2 pair of boots
Will    +....        u - amulet of faith
Stlth   +            J - ring of flight
HPRegen 0.00/turn    L - ring of protection from cold
MPRegen 0.21/turn

%: faith
@: flying, inhibited regen
A: claws 1, cold resistance 1, negative energy resistance 3, inhibited
regeneration, torment resistance 2, devour on kill
}: 2/15 runes: serpentine, barnacled
a: Renounce Religion, Recall Undead Harvest


You were on level 2 of the Orcish Mines.
You worshipped Yredelemnul.
Yredelemnul was aware of your devotion.
You visited 6 branches of the dungeon, and saw 31 of its levels.
You also visited: Sewer and Ice Cave.

You collected 3101 gold pieces.
You spent 2166 gold pieces at shops.

Inventory:

Hand Weapons
 e - a +1 spectral broad axe
 f - a +3 halberd of freezing
 p - a +0 broad axe
 w - a +3 heavy halberd
 x - the +8 frozen axe "Frostbite" {freeze, freezing cloud, *Noise Fly rC+}
   (You found it in an ice cave)

   rC+:       It protects you from cold.
   Fly:       It grants you flight.
   *Noise:    It may make a loud noise when swung.
 z - a +1 heavy demon trident (weapon)
Missiles
 h - a throwing net
 o - 24 poisoned darts (quivered)
 K - 4 silver javelins
 Q - a curare-tipped dart
Armour
 a - a +1 cloak (worn)
 j - a +3 leather armour of fire resistance (worn)
 m - a +7 tower shield of protection (worn)
 y - a +0 pair of gloves (worn)
 C - a +3 chain mail of cold resistance
 O - a +2 pair of boots (worn)
 U - the +1 chain mail of Thoughtfulness {+Inv rF- Will+++ Str+2}
   (You found it on level 4 of the Shoals)

   Str+2:     It affects your strength (+2).
   rF-:       It makes you vulnerable to fire.
   Will+++:   It greatly increases your willpower.
   +Inv:      It lets you turn invisible.
Jewellery
 r - an amulet of regeneration
 t - a ring of resist corrosion
 u - an amulet of faith (around neck)
 B - the ring "Vett" {rPois rC+ Will+ Dex+2}
   (You found it in an ice cave)

   [ring of protection from cold]

   Dex+2:     It affects your dexterity (+2).
   rC+:       It protects you from cold.
   rPois:     It protects you from poison Will+: It increases your willpower.
 D - the ring "Lueng" {rC+ Dex+6 Slay-5 Stlth+}
   (You found it in an ice cave)

   [ring of protection from cold]

   Dex+6:     It affects your dexterity (+6).
   Slay-5:    It affects your accuracy & damage with ranged weapons and melee
   (-5).
   rC+:       It protects you from cold.
   Stlth+:    It makes you more stealthy.
 E - a ring of see invisible
 J - a ring of flight (left hand)
 L - a ring of protection from cold (right hand)
 R - a ring of fire
 V - a ring of fire
Wands
 l - a wand of digging (1)
 v - a wand of quicksilver (5)
 M - a wand of paralysis (5)
 T - a wand of flame (12)
 X - a wand of polymorph (3)
Scrolls
 c - 2 scrolls of noise
 i - a scroll of silence
 k - 4 scrolls of identify
 q - 2 scrolls of revelation
 s - 4 scrolls of fog
 A - 5 scrolls of amnesia
Potions
 b - 2 potions of magic
 d - a potion of ambrosia
 F - 3 potions of enlightenment
 G - a potion of curing
 I - 5 potions of attraction
 S - 7 potions of brilliance


   Skills:
 + Level 15.8 Fighting
 - Level 14.4 Polearms
 - Level 9.9 Armour
 - Level 9.9 Dodging
 - Level 2.1 Stealth
 * Level 12.0 Shields
 + Level 6.2 Spellcasting
 + Level 12.5 Necromancy
 - Level 11.1 Earth Magic
 - Level 11.9 Invocations


You had 15 spell levels left.
You knew the following spells:

 Your Spells              Type           Power      Damage    Failure   Level
a - Curse of Agony        Necr           36%        N/A       11%         5
d - Vampiric Draining     Necr           36%        2d8       1%          3
g - Apportation           Tloc           8%         N/A       56%         1
n - Necrotise             Necr           100%       1d9       1%          1
x - Borgnjor's Vile Clut  Necr/Erth      17%        N/A       14%         5

Your spell library contained the following spells:

 Spells                   Type           Power      Damage    Failure   Level
 Cigotuvi's Dreadful Rot  Necr/Alch/Air  28%        N/A       19%         2
 Lee's Rapid Deconstruct  Erth           16%        3d10*     19%         5
 Sting                    Conj/Alch      16%        1d4       56%         1
 Summon Small Mammal      Summ           16%        N/A       56%         1
 Animate Armour           Summ/Erth      36%        N/A       56%         4
 Mercury Vapours          Alch/Air       8%         N/A       71%         2
 Scorch                   Fire           8%         2d5       71%         2
 Call Canine Familiar     Summ           4%         N/A       90%         3
 Hailstorm                Conj/Ice       4%         3d5       90%         3
 Inner Flame              Hex/Fire       4%         N/A       90%         3
 Ozocubu's Armour         Ice            4%         N/A       90%         3
 Summon Ice Beast         Ice/Summ       4%         N/A       90%         3
 Volatile Blastmotes      Fire/Tloc      8%         2d10      90%         3
 Flame Wave               Conj/Fire      4%         2d5       100%        4
 Fulminant Prism          Conj/Alch      2%         3d5       100%        4
 Ignite Poison            Fire/Alch      4%         N/A       100%        4
 Iskenderun's Mystic Bla  Conj/Tloc      4%         2d3       100%        4
 Olgreb's Toxic Radiance  Alch           4%         N/A       100%        4
 Sticky Flame             Fire/Alch      4%         2d4       100%        4
 Summon Blazeheart Golem  Fire/Summ      4%         N/A       100%        4
 Summon Lightning Spire   Summ/Air       4%         N/A       100%        4
 Vhi's Electric Charge    Tloc/Air       8%         N/A       100%        4
 Alistair's Intoxication  Alch           2%         N/A       100%        5
 Arcjolt                  Conj/Air       2%         1d12      100%        5
 Freezing Cloud           Conj/Ice/Air   2%         6-21      100%        5
 Irradiate                Conj/Alch      2%         3d12      100%        5
 Iskenderun's Battlesphe  Conj           4%         2d6       100%        5
 Metabolic Englaciation   Hex/Ice        2%         N/A       100%        5
 Bombard                  Conj/Erth      9%         9d2       100%        6
 Eringya's Noxious Bog    Alch           2%         4d6       100%        6
 Plasma Beam              Fire/Air       2%         2x1d12    100%        6
 Summon Cactus Giant      Summ           2%         N/A       100%        6
 Spellforged Servitor     Conj/Summ      2%         N/A       100%        7
 Ignition                 Fire           2%         3d3       100%        8
 Animate Dead             Necr           Unusable   N/A       N/A         4
 Sculpt Simulacrum        Ice/Alch       Unusable   N/A       N/A         6

Dungeon Overview and Level Annotations

Branches:
Dungeon (15/15)            Temple (1/1) D:6            Lair (5/5) D:11
 Shoals (4/4) Lair:3        Snake (4/4) Lair:3        Slime (0/5) Lair:5
    Orc (2/2) D:12            Elf (0/3) Orc:2        Vaults (0/5) D:13
 Depths (0/4) D:15          Sewer (visited)           IceCv (visited)

Altars:
Ashenzari
Cheibriados
Dithmenos
Fedhas
Gozag
Hepliaklqana
Kikubaaqudgha
Makhleb
Nemelex Xobeh
Okawaru
Qazlal
Ru
Sif Muna
Trog
Uskayaw
Vehumet
Wu Jian
Xom
Yredelemnul
Jiyva
Lugonu

Shops:
D:7 ?   D:10 *=([(   D:11 ?   D:12 !   Shoals:3 (*   Snake:1 *

Portals:
Abyss: Shoals:2

Annotations:
D:5 1 runed translucent door, Theblade121's ghost, novice DsMo
Orc:1 exclusion: 2 downstairs
Orc:2 Rupert


Innate Abilities, Weirdness & Mutations

You are immune to poison.
You have sharp fingernails.
Your flesh is cold resistant. (rC+)
You are immune to negative energy. (rN+++)
You do not regenerate when monsters are visible.
You are immune to unholy pain and torment.
You thrive by killing the living.


Message History

Press: ? - help, Shift-Dir - straight line, f - Rupert
Aim: Rupert, wielding a +1 great mace of protection and wearing a +2 leather armour of positive energy (poison gas, heavily wounded, berserk, extremely poisoned, chance to affect: 1%)
Okay, then.
Okay, then.
Rupert is engulfed in poison gas.
Rupert looks as sick as possible!
Rupert attacks as he pursues you!
Rupert hits you with a +1 great mace of protection!
The orc knight roars a battlecry!
The orc knight goes into a battle-frenzy!
Rupert looks as sick as possible!
Rupert rages.
Rupert looks as sick as possible!
Rupert hits you with a +1 great mace of protection!!
Rupert is engulfed in poison gas.
Rupert looks as sick as possible!
Rupert attacks as he pursues you! You block Rupert's attack.
Okay, then.
Okay, then.
You begin recalling your allies.
You finish recalling your allies.
Rupert is engulfed in poison gas.
Rupert looks as sick as possible!
You block Rupert's attack.
Rupert is engulfed in poison gas.
Rupert looks as sick as possible!
You block Rupert's attack.
Press: ? - help, v - describe, . - travel
Here: Rupert, wielding a +1 great mace of protection and wearing a +2 leather armour of positive energy (severely wounded, berserk, extremely poisoned)
The floor.
Unknown command.
You impale Rupert!!
Rupert is almost dead.
Rupert closely misses you. x2
You puncture Rupert!
Rupert is almost dead.
Rupert hits you with a +1 great mace of protection!!
* * * LOW HITPOINT WARNING * * *
You hit Rupert but do no damage.
Rupert is almost dead.
Rupert hits you with a +1 great mace of protection!!
* * * LOW HITPOINT WARNING * * *
Rupert hits you with a +1 great mace of protection!
You die...
Rupert roars with triumph.
You join the legions of the undead harvest.

..####........o..#
#....))).
..#.#...).......##
#######..
....#..........##
**###
...<...§§.§...##
****,,*#
...§§§§§§§§..##
***,,,,,,#
.....§§§§#####
**∩,,,,,,,#
.....§o##########
**,,,,÷..÷..
#.....§o.o☼.°°.@##
*∩,,,,.§..÷.
........########@##
*∩,,,,...÷..
##....###### ##.##
**,,,,..o÷..
##.##.###### ##.##
**∩,,.....#
####..###### ##.##
*##,...÷#* #.##
##.###.#*####* ##*
##.#.# ##.## ###


You could see Rupert (berserk, extremely poisoned) and an orc knight (poisoned).

Vanquished Creatures
  Bai Suzhen (Snake:4)
  Vashnia (Snake:2)
  Saint Roka (Snake:4)
  Nikola (Snake:2)
  Mlioglotl (Snake:4)
  Asterion (Snake:1)
  Kirke (D:14)
  Roxanne (Snake:1)
  Donald (Snake:2)
  An azure jelly (IceCv)
  2 nagarajas (Snake:4)
  A rockslime (IceCv)
  The ghost of Caage the Artisan of Death, a journeyman DsNe of Kikubaaqudgha (Snake:1)
  An ironbound thunderhulk (D:13)
  2 quicksilver oozes (IceCv)
  A dire elephant (D:15)
  Snorg (D:12)
  2 merfolk javelineers (Shoals:4)
  3 hydras
  2 vault guards (D:13)
  An ogre mage (Orc:2)
  4 anacondas
  A catoblepas (D:15)
  A merfolk avatar (Shoals:3)
  8 two-headed ogres
  A boulder beetle (D:13)
  7 death yaks
  4 centaur warriors
  7 naga warriors
  2 satyrs
  4 orc high priests
  Urug (D:11)
  10 naga sharpshooters
  5 shock serpents
  Sonja (Lair:2)
  A wretched star (Shoals:2)
  5 skeletal warriors (D:12)
  3 skysharks
  14 sea snakes
  8 mana vipers
  A salamander mystic (Snake:4)
  4 naga ritualists
  An orange crystal statue (IceCv)
  A spectral hydra (D:13)
  8 fauns
  A deep elf pyromancer (D:13)
  4 orc knights
  An oklob plant (Lair:3)
  An ugly thing (D:13)
  An orc sorcerer (Orc:2)
  4 cyclopes
  A wolf spider (D:15)
  25 black mambas
  6 merfolk sirens
  8 manticores
  4 kobold blastminers
  4 elephants (Lair:5)
  An ice statue (Shoals:2)
  An apocalypse crab (Shoals:2)
  12 naga magi
  6 cane toads
  5 guardian serpents
  An unseen horror (D:11)
  8 komodo dragons
  2 kobold demonologists (D:12)
  A freezing wraith (D:15)
  3 rime drakes
  An efreet (D:14)
  An ancient zyme (Shoals:2)
  A spectral two-headed ogre (D:13)
  4 trolls
  10 merfolk
  4 wind drakes
  2 polar bears
  2 snapping turtles
  5 dream sheep (Shoals:4)
  8 slime creatures
  6 wraiths
  23 yaks
  A vampire (D:14)
  3 centaur simulacra (D:12)
  A shadow (D:11)
  4 water elementals (D:15)
  Eustachio (D:5)
  5 wyverns
  A basilisk (shapeshifter) (D:13)
  6 wargs
  A hog (D:14)
  3 basilisks
  3 vampire mosquitoes (D:12)
  2 steam dragons
  A water nymph zombie (Shoals:2)
  Edmund (D:5)
  An acid dragon (D:8)
  22 nagas
  3 great orb of eyes simulacra (IceCv)
  12 water moccasins
  6 ice beasts
  20 orc warriors
  A black bear (D:6)
  A sky beast (D:6)
  6 ogres
  6 laughing skulls (D:15)
  5 centaurs
  10 wolves
  5 slime creature simulacra (IceCv)
  4 kobold brigands
  7 bullfrogs
  A scorpion (D:6)
  A glowing shapeshifter simulacrum (IceCv)
  16 wights
  2 killer bees (D:10)
  4 howler monkeys (D:13)
  10 electric eels
  A hound (D:7)
  4 jellies
  A gnoll bouda (D:7)
  20 orc priests
  2 sleepcaps
  An iguana (D:6)
  13 orc wizards
  Robin (D:3)
  4 gnolls
  A howler monkey zombie (D:13)
  10 adders
  10 river rats (Sewer)
  3 white imps
  4 ufetubi
  A dart slug (D:3)
  2 ribbon worms (D:5)
  45 orcs
  8 bats
  7 endoplasms
  A giant cockroach (D:4)
  11 goblins
  11 hobgoblins
  5 jackals
  6 ball pythons
  2 frilled lizards
  21 kobolds
  15 rats
  4 tentacles (Shoals:4)
686 creatures vanquished.

Vanquished Creatures (collateral kills)
  Mara (Shoals:3)
  Aizul (Snake:1)
  A nagaraja (Snake:4)
  An azure jelly (IceCv)
  2 quicksilver oozes (IceCv)
  A dire elephant (Lair:5)
  A merfolk javelineer (Shoals:4)
  Josephine (Lair:5)
  3 merfolk impalers (Shoals:4)
  3 hydras
  A catoblepas (D:15)
  3 anacondas
  A merfolk avatar (Shoals:4)
  An alligator snapping turtle (Shoals:4)
  4 merfolk aquamancers
  A satyr (Shoals:2)
  2 boulder beetles
  A two-headed ogre (D:11)
  7 death yaks
  A deep troll shaman (Lair:5)
  4 naga warriors
  10 naga sharpshooters
  Nergalle (Orc:1)
  A shock serpent (Snake:3)
  2 salamander mystics
  2 skysharks
  4 naga ritualists
  4 mana vipers
  10 sea snakes
  9 harpies
  A cyclops (Shoals:1)
  An orc sorcerer (Orc:2)
  9 manticores
  6 salamanders
  3 merfolk sirens (Shoals:1)
  17 fauns
  An apocalypse crab (Shoals:2)
  5 naga magi
  8 elephants (Lair:5)
  15 black mambas
  2 guardian serpents (Snake:4)
  An ice statue (Shoals:2)
  4 water nymphs
  A gargoyle (D:14)
  6 cane toads
  3 komodo dragons
  An efreet (D:13)
  3 kobold demonologists (D:11)
  2 rime drakes
  A freezing wraith (D:15)
  An ancient zyme (Shoals:2)
  17 merfolk
  6 wind drakes
  6 dream sheep
  A blink frog (Lair:2)
  5 snapping turtles
  11 slime creatures
  A centaur simulacrum (D:12)
  2 shadows
  3 wyverns
  3 wraiths (Lair:5)
  12 yaks
  3 basilisks
  4 water elementals
  A steam dragon (Lair:4)
  A vampire mosquito (D:12)
  18 nagas
  7 water moccasins
  An acid dragon (D:10)
  An orc warrior (Snake:4)
  A black bear (Lair:1)
  An ogre (Orc:2)
  11 wolves
  A slime creature simulacrum (IceCv)
  3 bullfrogs
  A glowing shapeshifter simulacrum (IceCv)
  2 wights (D:10)
  4 killer bees (D:10)
  4 electric eels
  2 orc wizards
  2 white imps (D:12)
  13 orcs
  3 goblins
  A hobgoblin (D:5)
  2 kobolds (D:11)
  5 ball pythons (Sewer)
  3 frilled lizards (Sewer)
  2 rats (Sewer)
  A tentacle (Shoals:4)
340 creatures vanquished.

Vanquished Creatures (others)
  A spectral kraken (Shoals:4)
  A spectral azure jelly (Shoals:3)
  A spectral catoblepas (D:12)
  2 quicksilver ooze zombies (IceCv)
  4 anaconda zombies
  2 ogre zombies
  A spectral merfolk (Shoals:4)
  A wolf spider zombie (D:15)
  5 shock serpent zombies
  A naga mage (Snake:4)
  8 mana viper zombies
  3 death yak zombies (Lair:4)
  An unseen horror zombie (D:11)
  11 sea snake zombies
  A hydra zombie (Lair:2)
  A human zombie (D:13)
  4 harpy zombies
  4 guardian serpent zombies
  27 black mamba zombies
  4 wind drake zombies
  A water elemental (Shoals:1)
  4 slime creature zombies
  5 faun zombies
  6 salamander zombies
  A two-headed ogre zombie (Orc:2)
  A skyshark zombie (Shoals:2)
  A water nymph zombie (Shoals:4)
  A naga (Snake:4)
  A cane toad zombie (Lair:3)
  2 snapping turtle zombies
  An elf zombie (D:13)
  18 merfolk zombies
  3 dream sheep zombies (Shoals:4)
  10 kobold zombies
  2 elephant zombies (Lair:5)
  7 manticore zombies
  2 vampire mosquito zombies (D:12)
  A hog zombie (D:14)
  A rime drake zombie (Lair:2)
  3 komodo dragon zombies
  2 wyvern zombies
  3 warg zombies
  2 cyclops zombies
  10 water moccasin zombies
  2 troll zombies (Orc:2)
  12 yak zombies
  5 wolf zombies
  7 centaur zombies
  5 bullfrog zombies
  3 basilisk zombies
  2 orc wizards
  3 killer bee zombies (D:10)
  2 ice beast zombies (D:12)
  51 naga zombies
  3 howler monkey zombies (D:13)
  A steam dragon zombie (Lair:4)
  2 spectral white imps (D:12)
  An orc (D:8)
  2 kobolds (D:12)
  47 orc zombies
  54 tentacles
373 creatures vanquished.

Grand Total: 1399 creatures vanquished

Notes
Turn   | Place    | Note
-------+----------+-------------------------------------------
     0 | D:1      | RepoMan the Ghoul Necromancer began the quest for the Orb.
     0 | D:1      | Reached XP level 1. HP: 14/14 MP: 3/3
   246 | D:1      | Found a faded altar of an unknown god.
   304 | D:1      | Reached XP level 2. HP: 20/20 MP: 1/5
   996 | D:2      | You fall into a shaft and drop 1 floor!
  1299 | D:2      | Reached XP level 3. HP: 26/26 MP: 3/6
  1621 | D:2      | Identified the +1 leather armour "Cev Moqa" {Dex+5}
  2433 | D:3      | Reached skill level 5 in Necromancy
  2495 | D:3      | Noticed Robin
  2560 | D:3      | Killed Robin
  2561 | D:3      | Reached XP level 4. HP: 25/33 MP: 0/7
  2574 | D:3      | Learned a level 3 spell: Vampiric Draining
  3006 | D:4      | Noticed an ogre
  3020 | D:4      | Killed an ogre
  3021 | D:4      | Reached XP level 5. HP: 38/38 MP: 3/8
  3774 | D:5      | Entered Level 5 of the Dungeon
  3843 | D:5      | Noticed an ogre
  3849 | D:5      | Killed an ogre
  3850 | D:5      | Reached XP level 6. HP: 45/45 MP: 3/9
  3879 | D:5      | Found an iron altar of Okawaru.
  3984 | D:5      | Noticed an ice beast
  3993 | D:5      | Killed an ice beast
  4039 | D:5      | Reached XP level 7. HP: 46/50 MP: 2/10
  4046 | D:5      | Noticed Edmund
  4095 | D:5      | Killed Edmund
  4141 | D:5      | Found a glowing drain.
  4190 | Sewer    | Entered a sewer
  4392 | Sewer    | Reached skill level 1 in Fighting
  4619 | Sewer    | Reached skill level 2 in Fighting
  4740 | Sewer    | Reached XP level 8. HP: 62/62 MP: 2/11
  4743 | Sewer    | Reached skill level 3 in Fighting
  4968 | D:5      | Noticed Eustachio
  5015 | D:5      | Killed Eustachio
  5310 | D:5      | Found a runed translucent door.
  5311 | D:5      | Noticed Theblade121's ghost (novice DsMo)
  5551 | D:6      | Reached skill level 4 in Fighting
  6041 | D:6      | Reached skill level 5 in Fighting
  6087 | D:6      | Reached skill level 6 in Fighting
  6110 | D:6      | Reached skill level 7 in Fighting
  6110 | D:6      | Reached XP level 9. HP: 36/79 MP: 6/12
  6294 | D:6      | Found a staircase to the Ecumenical Temple.
  6301 | Temple   | Entered the Ecumenical Temple
  6367 | D:6      | Reached skill level 8 in Fighting
  7379 | D:6      | Reached skill level 9 in Fighting
  7581 | D:7      | Reached skill level 1 in Polearms
  7655 | D:7      | Found Noliuc's Magic Scroll Shop.
  7680 | D:7      | Bought a scroll of fear for 60 gold pieces
  7680 | D:7      | Bought a scroll of identify for 30 gold pieces
  7680 | D:7      | Bought a scroll of poison for 60 gold pieces
  7680 | D:7      | Bought a scroll of identify for 30 gold pieces
  7680 | D:7      | Bought a scroll of identify for 30 gold pieces
  7680 | D:7      | Bought a scroll of immolation for 60 gold pieces
  8314 | D:8      | Noticed a two-headed ogre
  8343 | D:8      | Killed a two-headed ogre
  8344 | D:8      | Reached skill level 5 in Polearms
  8344 | D:8      | Reached XP level 10. HP: 52/93 MP: 7/13
  8635 | D:8      | Found a basalt altar of Yredelemnul.
  8639 | D:8      | Found a stormy altar of Qazlal.
  8836 | D:8      | Became a worshipper of Yredelemnul the Dark
  9573 | D:9      | Reached * piety under Yredelemnul
  9970 | D:10     | Entered Level 10 of the Dungeon
 10057 | D:10     | Found Hailic's General Store.
 10069 | D:10     | Found Fores's Antique Weapon Shoppe.
 10070 | D:10     | Found Isaleub's Jewellery Shop.
 10222 | D:10     | Reached ** piety under Yredelemnul
 10368 | D:10     | Found Weyraloj's Antique Armour Shop.
 10427 | D:10     | Found a shimmering blue altar of Sif Muna.
 10623 | D:10     | Reached *** piety under Yredelemnul
 10636 | D:10     | Reached XP level 11. HP: 98/99 MP: 14/14
 10711 | D:10     | Found Iniha's Antique Weapon Emporium.
 10955 | D:11     | Noticed a two-headed ogre
 10978 | D:10     | Killed a two-headed ogre
 10979 | D:10     | Reached skill level 10 in Fighting
 10979 | D:10     | Reached skill level 1 in Armour
 11159 | D:11     | Learned a level 5 spell: Curse of Agony
 11182 | D:11     | Found Dudant's Magic Scroll Boutique.
 11186 | D:11     | Noticed a two-headed ogre
 11195 | D:11     | Killed a two-headed ogre
 11200 | D:11     | Bought a scroll of vulnerability for 56 gold pieces
 11200 | D:11     | Bought a scroll of poison for 56 gold pieces
 11232 | D:11     | Found a staircase to the Lair.
 11242 | D:11     | Noticed Urug
 11245 | Lair:1   | Entered Level 1 of the Lair of Beasts
 11413 | Lair:1   | Identified a scroll of acquirement
 11443 | Lair:1   | Reached skill level 10 in Polearms
 12080 | Lair:2   | Noticed Sonja
 12091 | Lair:2   | Killed Sonja
 12166 | Lair:2   | Your ally Sonja died
 12710 | Lair:2   | Noticed a four-headed hydra
 12715 | Lair:2   | Killed a four-headed hydra
 12721 | Lair:2   | Reached skill level 11 in Fighting
 12833 | Lair:2   | Reached XP level 12. HP: 110/110 MP: 15/15
 13005 | Lair:2   | Reached **** piety under Yredelemnul
 13009 | Lair:2   | Reached ***** piety under Yredelemnul
 13228 | Lair:2   | Reached skill level 5 in Dodging
 13228 | Lair:2   | Reached skill level 1 in Invocations
 13551 | Lair:2   | Noticed a six-headed hydra
 13556 | Lair:2   | Reached ****** piety under Yredelemnul
 13679 | Lair:2   | Killed a six-headed hydra
 14167 | Lair:3   | Found a staircase to the Shoals.
 14732 | Lair:3   | Found a staircase to the Snake Pit.
 14732 | Lair:3   | Noticed a boulder beetle
 14748 | Lair:3   | Killed a boulder beetle
 14777 | Lair:3   | Noticed a boulder beetle
 14796 | Lair:3   | Killed a boulder beetle
 14796 | Lair:3   | Charmed a boulder beetle
 15164 | Lair:3   | Noticed a skyshark
 15174 | Lair:3   | Killed a skyshark
 15247 | Lair:3   | Reached skill level 5 in Armour
 15535 | Lair:4   | Reached skill level 5 in Invocations
 15672 | Lair:4   | Noticed a death yak
 15674 | Lair:4   | Noticed a death yak
 15674 | Lair:4   | Noticed a death yak
 15680 | Lair:4   | Killed a death yak
 15681 | Lair:4   | Reached XP level 13. HP: 117/117 MP: 15/17
 15693 | Lair:4   | Reached skill level 12 in Fighting
 15902 | Lair:4   | Identified the +1 dagger "Gostuu" {freeze, rElec MP+9
                  | Str+3}
 17240 | Lair:5   | Entered Level 5 of the Lair of Beasts
 17461 | Lair:5   | Found a staircase to the Slime Pits.
 17461 | Lair:5   | Found a viscous altar of Jiyva.
 17554 | Lair:5   | Learned a level 1 spell: Apportation
 17555 | Lair:5   | Noticed Josephine
 17566 | Lair:5   | Killed Josephine
 18881 | Lair:5   | Reached XP level 14. HP: 117/127 MP: 12/20
 19463 | Lair:5   | Noticed a dire elephant
 19479 | Lair:5   | Killed a dire elephant
 19551 | Lair:5   | Found the +2 Maxwell's thermic engine {flame, freeze, rev}
 19929 | D:11     | Killed Urug
 20236 | D:11     | Reached skill level 13 in Fighting
 20841 | D:12     | Noticed Snorg
 20938 | D:12     | Killed Snorg
 21229 | D:12     | Found Howonlyin's Distillery.
 21237 | D:12     | Bought a potion of curing for 48 gold pieces
 21237 | D:12     | Bought a potion of curing for 48 gold pieces
 21237 | D:12     | Bought a potion of heal wounds for 80 gold pieces
 21237 | D:12     | Bought a potion of haste for 160 gold pieces
 21237 | D:12     | Bought a potion of haste for 160 gold pieces
 22355 | D:12     | Found a staircase to the Orcish Mines.
 22636 | D:12     | Reached skill level 10 in Invocations
 22930 | Orc:1    | Entered Level 1 of the Orcish Mines
 23451 | Orc:1    | Noticed Nergalle
 23462 | Orc:1    | Killed Nergalle
 23471 | Orc:1    | Your ally Nergalle died
 23862 | D:10     | Bought an amulet of faith for 600 gold pieces
 23877 | D:10     | Bought a crude battleaxe for 299 gold pieces
 23877 | D:10     | Identified the +3 battleaxe "Plog" {heavy, MP-9 Dex+5} (You
                  | bought it in a shop on level 10 of the Dungeon)
 24486 | Orc:2    | Entered Level 2 of the Orcish Mines
 24488 | Orc:2    | Noticed Rupert
 24679 | D:12     | Reached XP level 15. HP: 97/136 MP: 12/22
 25351 | D:10     | Bought a glowing halberd for 182 gold pieces
 26277 | D:13     | Found a gate to the Vaults.
 26979 | D:14     | Noticed Kirke
 27002 | D:14     | Killed Kirke
 27097 | D:15     | Entered Level 15 of the Dungeon
 27421 | D:15     | Found a staircase to the Depths.
 27812 | D:15     | Found a broken altar of Ashenzari.
 29269 | Snake:1  | Entered Level 1 of the Snake Pit
 29504 | Snake:1  | Identified the serpent talisman of Catap {rN+ Str-3 Dex+3}
 29504 | Snake:1  | Noticed Aizul
 29515 | Snake:1  | Killed Aizul
 29928 | Snake:1  | Found Veoguc's Gadget Gallery.
 29930 | Snake:1  | Found a runed translucent door.
 29933 | Snake:1  | Noticed Caage's ghost (journeyman DsNe)
 29962 | Snake:1  | Killed Caage's ghost
 30147 | Snake:1  | Noticed Asterion
 30151 | Snake:1  | Noticed an Executioner
 30343 | Snake:1  | Noticed a balrug
 30344 | Snake:1  | Killed Asterion
 30946 | Snake:1  | Reached skill level 14 in Fighting
 31043 | Snake:1  | Noticed Roxanne
 31443 | Snake:2  | Noticed Vashnia
 31568 | Snake:2  | Learned a level 5 spell: Borgnjor's Vile Clutch
 31586 | Snake:2  | Reached skill level 1 in Earth Magic
 31612 | Snake:2  | Noticed Nikola
 31618 | Snake:2  | Reached XP level 16. HP: 146/146 MP: 7/24
 31621 | Snake:2  | Killed Nikola
 31718 | Snake:2  | Found an opulent altar of Gozag.
 31739 | Snake:2  | Noticed Donald
 32131 | Snake:2  | Reached skill level 5 in Earth Magic
 33474 | Snake:2  | Acquired a +0 demon trident of venom
 33746 | Snake:3  | Reached skill level 1 in Shields
 33775 | Snake:3  | Reached skill level 10 in Necromancy
 34181 | Snake:4  | Entered Level 4 of the Snake Pit
 34482 | Snake:4  | Identified the +4 bardiche "Giantslayer" {freeze, SInv}
 34875 | Snake:4  | Reached XP level 17. HP: 78/154 MP: 25/25
 34877 | Snake:4  | Reached skill level 5 in Shields
 35089 | Snake:4  | Noticed Bai Suzhen
 35557 | Lair:3   | You fall into a shaft and drop 2 floors!
 35633 | Shoals:1 | Entered Level 1 of the Shoals
 36689 | Shoals:2 | Identified the +0 robe of Vaur {rC+ Int+5}
 36701 | Shoals:2 | Found a runed translucent door.
 36720 | Shoals:2 | Found a corrupted altar of Lugonu.
 36722 | Shoals:2 | Found a one-way gate to the infinite horrors of the Abyss.
 36739 | Shoals:2 | Found a frozen archway.
 36975 | IceCv    | Entered an ice cave
 37236 | IceCv    | Found the +8 frozen axe "Frostbite" {freeze, freezing
                  | cloud, *Noise Fly rC+}
 37246 | IceCv    | Got the ring "Vett" {rPois rC+ Will+ Dex+2}
 37468 | IceCv    | Found a viscous altar of Jiyva.
 37497 | IceCv    | Got the ring "Lueng" {rC+ Dex+6 Slay-5 Stlth+}
 37674 | Shoals:2 | Noticed a kraken
 38111 | Shoals:3 | Found Qootawk's Weapon Shop.
 38149 | Shoals:3 | Found Mannex's General Store.
 38159 | Shoals:3 | Bought a scroll of enchant armour for 135 gold pieces
 38159 | Shoals:3 | Bought a scroll of fear for 72 gold pieces
 38191 | Shoals:3 | Noticed Mara
 38201 | Shoals:3 | Killed Mara
 38245 | Shoals:3 | Reached XP level 18. HP: 106/161 MP: 26/26
 38902 | Shoals:4 | Entered Level 4 of the Shoals
 39295 | Shoals:4 | Reached skill level 10 in Earth Magic
 39496 | Shoals:4 | Identified the +1 chain mail of Thoughtfulness {+Inv rF-
                  | Will+++ Str+2}
 39671 | Shoals:4 | Reached skill level 10 in Shields
 39859 | Shoals:4 | Reached skill level 15 in Fighting
 40876 | Shoals:4 | Reached skill level 5 in Spellcasting
 41011 | Shoals:4 | Got a barnacled rune of Zot
 41307 | Snake:1  | Killed Roxanne
 41421 | Snake:2  | Killed Donald
 41624 | Snake:2  | Killed Vashnia
 42043 | Snake:4  | Noticed Saint Roka
 42441 | Snake:4  | Killed Saint Roka
 42658 | Snake:4  | Your ally Saint Roka died
 42984 | Snake:4  | Reached XP level 19. HP: 93/170 MP: 27/27
 43170 | Snake:4  | Got a serpentine rune of Zot
 43413 | Snake:4  | Noticed Mlioglotl
 43423 | Snake:4  | Killed Mlioglotl
 43519 | Snake:4  | Killed Bai Suzhen
 45093 | Orc:2    | Found a staircase to the Elven Halls.
 45248 | Orc:2    | HP: 4/172 [Rupert/+1 great mace of protection (30)]
 45248 | Orc:2    | Mangled by Rupert

Illustrated notes

Levels and vault maps discovered:
D:1:      saegor_arrival_simple_d, layout_loops_ring,
          dilly_ecumenical_altar_fadedgnrine
D:2:      layout_basic, grunt_decor_junction, minmay_misc_feat_five
D:3:      layout_loops_ring, uniq_robin
D:4:      layout_basic
D:5:      layout_gridville, okawaru_altar_gauntlet_db,
          cheibrodos_sewer_entry_bend, gammafunk_ghost_grave, uniq_edmund,
          uniq_eustachio
D:6:      layout_layer_cave, minmay_temple_entry_junction,
          nicolae_ossuary_entry_ruins, chequers_garden
D:7:      layout_basic, serial_shops, shop, serial_glass, glass_columns_a,
          glass_columns_a
D:8:      layout_basic, mainiacjoe_overflow_catwalk_spiral
D:9:      layout_long_grid
D:10:     layout_basic, mainiacjoe_overflow_concentric_impassable, serial_shops,
          nicolae_shop_back_alley_shop, nicolae_shop_dealshenge, shop, shop,
          shop, hex_tiny
D:11:     layout_cross, lair_entry_dummy, serial_shops, nicolae_shop_stone,
          uniq_urug
D:12:     layout_long_grid, orc_0_dummy, serial_shops,
          nicolae_shop_industrial_runoff, serial_ice, serial_ice_k,
          serial_ice_c, serial_ice_a, serial_ice_b, serial_ice_o, serial_ice_g,
          uniq_snorg
D:13:     layout_roguey, hellmonk_vaults_keyhole
D:14:     layout_roguey, nrook_mini_vaults, uniq_kirke
D:15:     hangedman_depths_entry_try_elsewhere_first, layout_irregular_city,
          ashenzari_altar_1, serial_bayou, serial_bayou_lake_a,
          serial_bayou_crossing, serial_bayou_lagoon_a, serial_bayou_pond_c
Temple:   regret_index_temple_chain_breaker
Lair:1:   layout_cave_shapes, infiniplex_staircase_pool, grunt_megastairs_5
Lair:2:   wad_woods_structure_01, layout_small_grid,
          infiniplex_staircase_pool_2, uniq_sonja
Lair:3:   layout_hall_layers, minmay_shoals_entry_beasts,
          guppyfry_snake_entry_island
Lair:4:   layout_gridlike, nicolae_quartered_pool_little, grunt_megastairs_2
Lair:5:   grunt_lair_end_beastmaster, layout_loops_ring, slime_entry_1,
          wad_woods_road_02, grunt_megastairs_1, serial_bayou_shore_a,
          uniq_josephine
Shoals:1: layout_shoals, nicolae_shoals_dead_sea_scrolls
Shoals:2: layout_shoals, portal_ice_cave_entry_ice_statue_two,
          nicolae_shoals_abyss_on_the_beach
Shoals:3: layout_shoals, serial_shops, nicolae_shop_gibbet_a_chance,
          nicolae_stop_n_shop_2, uniq_mara
Shoals:4: shoals_end_hangedman, layout_shoals
Snake:1:  layout_basic, ebering_ghost_reflecting_pool, serial_bayou,
          serial_bayou_pond_a, serial_bayou_shore_b, serial_bayou_ford_a,
          serial_bayou_pond_d, nicolae_shop_gadgets, uniq_aizul, uniq_roxanne,
          uniq_asterion
Snake:2:  layout_onion, basic_altar, serial_bayou_pond_a, uniq_vashnia,
          uniq_donald, uniq_nikola
Snake:3:  layout_concentric_octagons
Snake:4:  grunt_snake_rune_pools, layout_misc_corridors, basic_altar,
          nicolae_snake_coiling_death, lemuel_fruit_tree, grunt_megastairs_4,
          uniq_bai_suzhen, uniq_saint_roka, uniq_mlioglotl
Orc:1:    cheibrodos_orc_guarddog, layout_caves, bh_open_orc_temple,
          uniq_nergalle
Orc:2:    grunt_orc_tribal_feast, layout_diamond_mine, basic_altar, uniq_rupert

Skill      XL: |  1  2  3  4  5  6  7  8  9 10 11 12 13 14 15 16 17 18 19 |
---------------+----------------------------------------------------------+-----
Spellcasting   | 2 3 4 5 6 |  6.2
Necromancy     | 5 6 7 8 9 10 11 12 | 12.5
Fighting       | 2 7 9 11 12 13 14 15 | 15.8
Polearms       | 5 9 10 11 12 13 14 | 14.4
Armour         | 3 5 7 9 |  9.9
Dodging        | 4 5 6 8 9 |  9.9
Invocations    | 5 8 10 11 | 11.9
Earth Magic    | 2 7 9 11 | 11.1
Shields        | 4 9 11 12 | 12.0
Stealth        | |  2.1

Action                     |  1- 3 |  4- 6 |  7- 9 | 10-12 | 13-15 | 16-18 | 19-21 || total
---------------------------+-------+-------+-------+-------+-------+-------+-------++-------
  Melee: Unarmed           |     3 |       |       |       |       |       |       ||     3
         Short sword       |     8 |    15 |   111 |       |       |       |       ||   134
         Punch             |       |     1 |     1 |       |       |       |       ||     2
         Halberd           |       |       |   115 |   332 |  1129 |    90 |       ||  1666
         Flail             |       |       |    28 |       |       |       |       ||    28
         Demon trident     |       |       |       |       |       |   850 |   167 ||  1017
   Fire: Sling             |       |       |     2 |       |       |       |       ||     2
  Throw: Dart              |       |     4 |    18 |    19 |    18 |     5 |       ||    64
         Stone             |       |       |     1 |       |       |       |       ||     1
         Javelin           |       |       |       |     1 |     5 |       |       ||     6
         Throwing net      |       |       |       |       |       |    10 |       ||    10
   Cast: Necrotise         |    74 |    57 |    96 |    42 |     1 |       |       ||   270
         Vampiric Draining |       |     1 |    36 |   102 |   176 |    42 |     2 ||   359
         Apportation       |       |       |       |       |       |     2 |       ||     2
         Borgnjor's Vile C |       |       |       |       |       |     4 |       ||     4
 Invoke: Bind Soul         |       |       |       |     2 |     1 |     4 |     1 ||     8
         Recall Undead Har |       |       |       |     1 |    18 |    39 |     3 ||    61
         Dark Bargain      |       |       |       |     1 |     2 |     3 |       ||     6
  Evoke: Wand              |       |       |       |    21 |    40 |     3 |     4 ||    68
    Use: Scroll            |       |     5 |    14 |     6 |    19 |    23 |     7 ||    74
         Potion            |       |       |     6 |     4 |    24 |     9 |     3 ||    46
   Stab: Sleeping          |       |       |     4 |     1 |     3 |     3 |       ||    11
         Distracted        |       |       |       |     1 |     9 |    20 |     2 ||    32
         Invisible         |       |       |       |       |     3 |       |       ||     3
         Petrified         |       |       |       |       |    30 |       |       ||    30
         Paralysed         |       |       |       |       |     8 |       |       ||     8
         Held in net/web   |       |       |       |       |       |     3 |       ||     3
 Armour: Robe              |     3 |       |       |       |       |       |       ||     3
         Leather armour    |    13 |    29 |   249 |   281 |   908 |   530 |    78 ||  2088
         Chain mail        |       |       |       |       |       |    21 |       ||    21
  Dodge: Dodged            |    11 |    29 |   191 |   162 |   584 |   261 |    33 ||  1271
  Block: Tower shield      |       |       |       |       |       |   750 |   191 ||   941

Table legend: (Time is in decaauts)
 A = Elapsed time spent in this place.
 B = Non-inter-level travel time spent in this place.
 C = Inter-level travel time spent in this place.
 D = Time resting spent in this place.
 E = Time spent auto-exploring this place.
 F = Levels seen in this place.
 G = Mean time per level.
                   A        B        C        D        E       F      G
               +--------+--------+--------+--------+--------+-----+--------+
         Total |  45431 |  42906 |   2525 |  13876 |  12174 |  33 | 1376.7 |
       Dungeon |  18662 |  17492 |   1170 |   4880 |   7540 |  15 | 1244.1 |
        Temple |      1 |      1 |      0 |      0 |      0 |   1 |    1.0 |
          Lair |   9061 |   8395 |    666 |   2705 |   2683 |   5 | 1812.2 |
        Shoals |   5040 |   4933 |    107 |   1244 |      0 |   4 | 1260.0 |
     Snake Pit |   9452 |   8966 |    486 |   3884 |   1852 |   4 | 2363.0 |
  Orcish Mines |   1930 |   1836 |     94 |    717 |     99 |   2 |  965.0 |
         Sewer |    686 |    686 |      0 |    297 |      0 |   1 |  686.0 |
      Ice Cave |    594 |    594 |      0 |    149 |      0 |   1 |  594.0 |
               +--------+--------+--------+--------+--------+-----+--------+

Top non-repeatable levels by time:
 Snake:4: 2900 daAuts
    D:12: 2746 daAuts
 Snake:2: 2344 daAuts
 Snake:1: 2283 daAuts
  Lair:3: 2196 daAuts
  Lair:5: 2122 daAuts
  Lair:2: 1968 daAuts
 Snake:3: 1924 daAuts
     D:5: 1840 daAuts
    D:15: 1828 daAuts
Shoals:4: 1728 daAuts
  Lair:4: 1712 daAuts
    D:11: 1371 daAuts
Shoals:3: 1307 daAuts
    D:10: 1260 daAuts
